AoeStats
← Křovák

Runestones

508197864Analyzed
1v1 RM · 11d ago on Sep 21, 2026· 67m 59s· 2 players
Game mode
Random Map
Map size
Tiny (2 player)
Population
200
Speed
Normal
Resources
Standard
Victory
Conquest
Starting age
Dark Age
Ending age
Imperial Age
RankedLock teamsTeams togetherTeam positionsShared explorationLock speedFull tech treeHidden civsTurbo modeCheats
Victory
Defeat
🇮🇳 Mongols · India
922
+15
🇨🇿 Byzantines · Czechia
890
-15
Křovák
7:12 Loom
10:51 Feudal Age
11:36 Double-Bit Axe
13:00 Horse Collar
21:05 Castle Age
22:01 Heavy Plow
28:05 Bow Saw
30:13 Forging
30:09 Scale Barding Armor
33:22 Imperial Age
35:26 Elite Skirmisher
36:09 Fletching
36:20 Padded Archer Armor
36:56 Iron Casting
36:46 Bodkin Arrow
39:33 Chemistry
38:29 Murder Holes
42:49 Ballistics
42:33 Bracer
42:48 Leather Archer Armor
47:21 Two-Man Saw
47:26 Conscription
48:08 Wheelbarrow
47:58 Pikeman
48:40 Squires
49:04 Halberdier
52:45 Scale Mail Armor
53:16 Ring Archer Armor
53:32 Hoardings
60:14 Stone Mining
64:13 Chain Barding Armor
64:09 Chain Mail Armor
Peaceful Dota Player
7:06 Loom
9:11 Feudal Age
9:48 Double-Bit Axe
9:45 Horse Collar
20:19 Castle Age
19:12 Fletching
19:55 Padded Archer Armor
20:17 Bloodlines
20:45 Forging
20:26 Stone Mining
22:03 Bow Saw
24:07 Heavy Plow
24:31 Gold Mining
25:34 Pikeman
26:36 Husbandry
27:02 Ballistics
28:58 Wheelbarrow
28:08 Town Watch
33:57 Imperial Age
33:22 Gold Shaft Mining
33:11 Hand Cart
33:05 Squires
32:50 Arson
34:29 Bodkin Arrow
37:14 Conscription
37:16 Nomads
37:32 Bracer
37:59 Light Cavalry
40:01 Chemistry
38:57 Murder Holes
38:56 Hussar
41:05 Elite Mangudai
43:21 Iron Casting
42:52 Scale Barding Armor
46:55 Blast Furnace
46:16 Chain Barding Armor
49:35 Capped Ram
51:53 Siege Ram
54:01 Man-at-Arms
55:25 Long Swordsman
58:00 Drill
57:39 Two-Handed Swordsman
Connection lost

Rejoining the realm…

Still unreachable

The connection could not be restored.

Session expired

The server has moved on; the page needs a fresh start.